 Dungeon Crawl Stone Soup version 0.24-a0-496-gbe733cd003 (webtiles) character file.

Game seed: 6420651307329419231

51 HELP the Sneak (level 3, -6/16 HPs)
             Began as a Spriggan Enchanter on July 13, 2019.
             Mangled by Natasha (7 damage)
             ... on level 2 of the Dungeon.
             The game lasted 00:03:15 (1137 turns).

HELP the Sneak (Spriggan Enchanter)                 Turns: 1137, Time: 00:03:16

Health: -6/16      AC:  2    Str:  4    XL:     3   Next: 58%
Magic:  6/8        EV: 19    Int: 17    God:
Gold:   63         SH:  0    Dex: 16    Spells: 5/8 levels left

rFire    . . .     SeeInvis +   g - +2 dagger (venom)
rCold    . . .     Gourm    .   (shield restricted)
rNeg     . . .     Faith    .   b - +0 robe
rPois    .         Spirit   .   (helmet restricted)
rElec    .         Reflect  .   (no cloak)
rCorr    .         Harm     .   (gloves unavailable)
MR       .....                  (boots unavailable)
Stlth    +++.......             (no amulet)
HPRegen  0.05/turn              (no ring)
MPRegen  0.11/turn              (no ring)

@: very quick
A: very small, unfitting armour, see invisible, herbivore, speed 3, slow
metabolism 2
a: no special abilities


You were on level 2 of the Dungeon.
You were not hungry.

You visited 1 branch of the dungeon, and saw 2 of its levels.

You collected 63 gold pieces.

Inventory:

Hand Weapons
 g - a +2 dagger of venom (weapon)
Missiles
 c - 48 sling bullets
Armour
 b - a +0 robe (worn)
Jewellery
 k - an uncursed ring of ice {unknown}
Scrolls
 a - a scroll of noise {unknown}
 e - 2 scrolls of amnesia {unknown}
 f - a scroll of remove curse {unknown}
 j - a scroll of magic mapping {unknown}
Potions
 h - 2 potions of heal wounds {unknown}
 i - a potion of agility {unknown}
Comestibles
 d - a ration


   Skills:
 - Level 1.1 Short Blades
 + Level 3.7 Dodging
 + Level 5.1 Stealth
 + Level 3.2 Spellcasting
 * Level 4.5 Hexes


You had 5 spell levels left.
You knew the following spells:

 Your Spells              Type           Power        Failure   Level  Hunger
a - Corona                Hex            ###....      2%          1    None
z - Ensorcelled Hibernat  Hex/Ice        ##....       11%         2    ##.....

Your spell library contained the following spells:

 Spells                   Type           Power        Failure   Level  Hunger
 Confuse                  Hex            ###.....     9%          3    ###....
 Tukima's Dance           Hex            ###.....     9%          3    ###....
 Dazzling Spray           Conj/Hex       ##....       21%         3    ###....


Dungeon Overview and Level Annotations

Branches:
Dungeon (2/15)

Altars:

Annotations:
D:2 Natasha


Innate Abilities, Weirdness & Mutations

You are very small and have problems with some larger weapons.
You are too small for most types of armour.
You have supernaturally acute eyesight. (SInv)
You are a herbivore.
You cover ground extremely quickly.
You need to consume almost no food.


Message History

HP restored.
Things that are here:
a bat corpse; an adder corpse Natasha hisses angrily.
Natasha is too close now for your liking.
Natasha casts a spell.
Natasha claws you!
Ouch! That really hurt!
You see here a +0 club.
You hit Natasha.
Natasha is lightly wounded.
Natasha claws you.
* * * LOW HITPOINT WARNING * * *
Casting: Ensorcelled Hibernation (safe; 11% risk of failure)
Confirm with . or Enter, or press ? or * to list all spells.
Aiming: Ensorcelled Hibernation (safe; 11% risk of failure)
Press: ? - help, Shift-Dir - straight line, f - Natasha
Aim: Natasha (lightly wounded, chance to defeat MR: 41%) Natasha resists with some effort.
The crimson imp blinks!
Natasha claws you!
You die...

### #<# #†#
#.# #.# #.#
#.###########
#...5.@h§...#
###########.#
....hr†.#
....ghhb#
........#
........#
........#
....?...#
........#


You could see Natasha and a crimson imp.

Vanquished Creatures
  2 adders (D:2)
  An ooze (D:1)
  A ball python (D:2)
  4 bats
  3 giant cockroaches (D:1)
  3 goblins (D:1)
  2 hobgoblins
  6 jackals
  A frilled lizard (D:1)
  3 rats (D:1)
26 creatures vanquished.

Notes
Turn   | Place    | Note
-------+----------+-------------------------------------------
     0 | D:1      | HELP the Spriggan Enchanter began the quest for the Orb.
     0 | D:1      | Reached XP level 1. HP: 9/9 MP: 5/5
   311 | D:1      | Reached XP level 2. HP: 11/13 MP: 6/6
   315 | D:1      | Learned a level 2 spell: Ensorcelled Hibernation
  1081 | D:2      | Noticed Natasha
  1082 | D:2      | Reached skill level 5 in Stealth
  1082 | D:2      | Reached XP level 3. HP: 16/16 MP: 8/8
  1137 | D:2      | Mangled by Natasha

Levels and vault maps discovered:
D:1:      erik_arrival_blinker_ship, layout_basic
D:2:      layout_basic, first_ration, uniq_jessica, uniq_natasha

Skill      XL: |  1  2 |
---------------+-------+-----
Hexes          | 4 |  4.5
Spellcasting   | 3 |  3.2
Stealth        | 5 |  5.1
Short Blades   | |  1.1
Dodging        | |  3.7

Action                   || total
-------------------------++-------
Melee: Dagger            ||    72
 Cast: Ensorcelled Hiber ||     2
 Stab: Sleeping          ||     4
       Distracted        ||     1
Armor: Robe              ||     4
Dodge: Dodged            ||    67

Table legend:
 A = Non-vault XP
 B = Vault XP
 C = Vault XP percentage of total XP
 D = Non-vault monster count
 E = Vault monster count
 F = Vault count percentage of total count
                 A         B        C        D         E       F
            +---------+---------+-------+---------+---------+-------
      Total |      74 |       0 |   0.0 |      26 |       0 |   0.0
            +---------+---------+-------+---------+---------+-------
        D:1 |      38 |       0 |   0.0 |      19 |       0 |   0.0
        D:2 |      36 |       0 |   0.0 |       7 |       0 |   0.0
            +---------+---------+-------+---------+---------+-------
